 Dungeon Crawl Stone Soup version 0.29-a0-337-g68df138881 (webtiles) character file.

Game seed: 10076426246334926659

122987 Dabor the Fighter (level 16, -1/147 HPs)
             Began as a Hill Orc Fighter on Apr 16, 2022.
             Was a High Priest of Beogh.
             Hit by a silver javelin thrown by a merfolk javelineer (3 damage)
             ... on level 3 of the Shoals.
             The game lasted 01:04:41 (29032 turns).

Dabor the Fighter (Hill Orc Fighter)               Turns: 29032, Time: 01:04:41

Health: -1/147     AC: 29    Str: 34    XL:     16   Next: 89%
Magic:  23/24      EV: 12    Int:  8    God:    Beogh [*****.]
Gold:   1892       SH: 18    Dex: 16    Spells: 15/15 levels left

rFire   . . .      SeeInvis +   P - +2 war axe of Might {flame, rElec rPois SInv}
rCold   + + .      Faith    .   M - +0 tower shield
rNeg    + . .      Spirit   .   c - +3 chain mail of the Heavens {Contam rC+ rN+ Stlth+}
rPois   +          Reflect  .   d - +0 helmet
rElec   +          Harm     .   h - +2 cloak {rC+}
rCorr   .          Rampage  .   (no gloves)
Will    +....      Clarity  +   f - +1 pair of boots
Stlth   ..........              Q - amulet "Finalauw" {Regen+ Str+7 Dex+2 Stlth+}
HPRegen 1.14/turn               p - +4 ring of protection
MPRegen 0.19/turn               g - +6 ring of dexterity

@: hasted, very quick
A: walk on water, talons 1, iridescent scales 1, clarity, clumsy 1
a: Renounce Religion, Smiting, Recall Orcish Followers, Give Item to Named
Follower


You were on level 3 of the Shoals.
You worshipped Beogh.
Beogh was extremely pleased with you.
You visited 4 branches of the dungeon, and saw 25 of its levels.
You also visited: Gauntlet, Ice Cave and Volcano.

You collected 1892 gold pieces.

Inventory:

Hand Weapons
 P - the +2 war axe of Might (weapon) {flame, rElec rPois SInv}
   (You found it on level 3 of the Lair of Beasts)

   It burns those it strikes, dealing additional fire damage.
   Big, fiery blades are also staple armaments of hydra-hunters.
   rElec:     It insulates you from electricity.
   rPois:     It protects you from poison.
   SInv:      It lets you see invisible.
Missiles
 i - 8 javelins (quivered)
 n - 27 poisoned darts
 H - 5 throwing nets
Armour
 c - the +3 chain mail of the Heavens (worn) {Contam rC+ rN+ Stlth+}
   (You found it on level 6 of the Lair of Beasts)

   rC:        It protects you from cold.
   rN:        It protects you from negative energy.
   Contam:    It causes magical contamination when unequipped.
   Stlth:     It makes you more stealthy.
 d - a +0 helmet (worn)
 f - a +1 pair of boots (worn)
 h - a +2 cloak of cold resistance (worn)
 u - a scarf of resistance
 M - a +0 tower shield (worn)
 R - the +3 robe of Clouds {*Thunder rCloud rElec}
   (You found it on level 6 of the Lair of Beasts)

   It occasionally creates storm clouds above nearby enemies.
   It grants its wearer immunity to clouds.
   rElec:     It insulates you from electricity.
Jewellery
 g - a +6 ring of dexterity (right hand)
 l - an amulet of guardian spirit
 p - a +4 ring of protection (left hand)
 y - a ring of poison resistance
 I - the necklace of Bloodlust {*Rage Will++ Int-3 Slay+6}
   (You found it on level 8 of the Dungeon)

   [amulet of nothing]

   It extends the wearer's berserk rage when killing foes.
   Int:       It affects your intelligence (-3).
   Slay:      It affects your accuracy & damage with ranged weapons and melee
   (+6).
   *Rage:     It berserks you when you make melee attacks (+50% chance).
   Will:      It greatly increases your willpower.
 Q - the amulet "Finalauw" (around neck) {Regen+ Str+7 Dex+2 Stlth+}
   (You found it on level 6 of the Lair of Beasts)

   [amulet of regeneration]

   Str:       It affects your strength (+7).
   Dex:       It affects your dexterity (+2).
   Regen:     It increases your rate of health regeneration.
   Stlth:     It makes you more stealthy.
 T - the ring "Semebromou" {Fly rC+}
   (You found it in a Gauntlet)

   [ring of flight]

   rC:        It protects you from cold.
   Fly:       It grants you flight.
 V - a ring of flight
Wands
 b - a wand of charming (17)
 j - a wand of acid (12)
 s - a wand of paralysis (6)
 v - a wand of mindburst (14)
 A - a wand of iceblast (30)
 D - a wand of polymorph (9)
 G - a wand of flame (30)
 W - a wand of digging (3)
Scrolls
 e - 11 scrolls of teleportation
 k - 2 scrolls of immolation
 m - 6 scrolls of amnesia
 q - 3 scrolls of magic mapping
 w - 2 scrolls of blinking
 x - 6 scrolls of vulnerability
 E - a scroll of fear
 J - a scroll of holy word
 N - 6 scrolls of enchant weapon
 O - a scroll of enchant armour
Potions
 a - a potion of heal wounds
 o - 5 potions of magic
 r - 4 potions of attraction
 t - 2 potions of might
 z - 2 potions of flight
 B - 5 potions of brilliance
 F - 8 potions of mutation
 K - a potion of resistance
 L - a potion of ambrosia
Miscellaneous
 C - a piece from Xom's chessboard (15/15)
 S - a phial of floods (inert)
 Y - a box of beasts (inert)
 Z - a phantom mirror (inert)


   Skills:
 + Level 14.7 Fighting
 + Level 10.3(14.3) Axes
 - Level 13.5(14.5) Maces & Flails
 - Level 4.0 Throwing
 + Level 13.5 Armour
 + Level 9.4 Dodging
 + Level 13.5 Shields
 + Level 11.6 Invocations
 + Level 8.1 Evocations


You had 15 spell levels left.
You didn't know any spells.
Your spell library contained the following spells:

 Spells                   Type           Power      Damage    Failure   Level
 Freeze                   Ice            0%         1d3       99%         1
 Sandblast                Erth           0%         2d4       99%         1
 Blink                    Tloc           0%         N/A       100%        2
 Passwall                 Tmut/Erth      0%         N/A       100%        2
 Call Canine Familiar     Summ           0%         N/A       100%        3
 Conjure Flame            Conj/Fire      0%         6-21      100%        3
 Frozen Ramparts          Ice            0%         1d2       100%        3
 Gell's Gravitas          Tloc           0%         N/A       100%        3
 Ignite Poison            Fire/Tmut/Pois 0%         N/A       100%        3
 Lesser Beckoning         Tloc           0%         N/A       100%        3
 Portal Projectile        Hex/Tloc       0%         N/A       100%        3
 Stone Arrow              Conj/Erth      0%         3d7       100%        3
 Teleport Other           Tloc           0%         N/A       100%        3
 Tukima's Dance           Hex            0%         N/A       100%        3
 Airstrike                Air            0%         N/A       100%        4
 Anguish                  Hex/Necr       0%         N/A       100%        4
 Animate Dead             Necr           0%         N/A       100%        4
 Cause Fear               Hex            0%         N/A       100%        4
 Hailstorm                Conj/Ice       0%         3d3       100%        4
 Leda's Liquefaction      Hex/Erth       0%         N/A       100%        4
 Passage of Golubria      Tloc           0%         N/A       100%        4
 Sticky Flame             Conj/Fire      0%         2d3       100%        4
 Summon Ice Beast         Ice/Summ       0%         N/A       100%        4
 Summon Lightning Spire   Summ/Air       0%         N/A       100%        4
 Freezing Cloud           Conj/Ice/Air   0%         6-21      100%        5
 Lightning Bolt           Conj/Air       0%         1d11      100%        5
 Manifold Assault         Tloc           0%         N/A       100%        5
 Silence                  Hex/Air        0%         N/A       100%        5
 Summon Mana Viper        Hex/Summ       0%         N/A       100%        5
 Yara's Violent Unravell  Hex/Tmut       0%         3d3       100%        5
 Dispersal                Tloc           0%         N/A       100%        6
 Simulacrum               Ice/Necr       0%         N/A       100%        6
 Dragon Form              Tmut           0%         N/A       100%        7
 Enfeeble                 Hex            0%         N/A       100%        7
 Haunt                    Necr/Summ      0%         N/A       100%        7
 Monstrous Menagerie      Summ           0%         N/A       100%        7
 Borgnjor's Revivificati  Necr           0%         N/A       100%        8
 Infestation              Necr           0%         N/A       100%        8
 Lehudib's Crystal Spear  Conj/Erth      0%         10d2      100%        8
 Necromutation            Tmut/Necr      0%         N/A       100%        8
 Death's Door             Necr           0%         N/A       100%        9
 Dragon's Call            Summ           0%         N/A       100%        9
 Polar Vortex             Ice            0%         N/A       100%        9


Dungeon Overview and Level Annotations

Branches:
Dungeon (15/15)            Temple (0/1) D:4            Lair (6/6) D:9
 Shoals (3/4) Lair:4        Snake (0/4) Lair:4        Slime (0/5) Lair:5
    Orc (1/2) D:9          Vaults (0/5) D:14         Depths (0/4) D:15
  IceCv (visited)         Volcano (visited)         Gauntlet (visited)

Altars:
Ashenzari
Dithmenos
Gozag
Kikubaaqudgha
Nemelex Xobeh
Okawaru
Trog
Uskayaw
Vehumet

Shops:
D:13 *   D:15 :   Orc:1 (   Shoals:1 *   Shoals:3 ?[


Innate Abilities, Weirdness & Mutations

You can walk on water.
You have sharp toenails.
You are partially covered in iridescent scales. (AC +2)
You possess an exceptional clarity of mind.
You are clumsy. (Dex -2)


Message History

You closely miss the tentacle. You barely miss the merfolk.
You hit the tentacle. You burn the tentacle. You block the tentacle's attack.
The tentacle slaps you!
The merfolk hits you but does no damage.
Tentacles burst out of the water!
You block the merfolk javelineer's attack.
The merfolk hits you but does no damage.
The tentacle misses you. 2 tentacles come into view.
You slice the merfolk!! You burn the merfolk.
The merfolk is heavily wounded.
You hit the tentacle. You burn the tentacle. You slash the merfolk!
You burn the merfolk. You hit the tentacle. You burn the tentacle.
You block the tentacle's attack.
Horkud barely misses the tentacle.
You block the merfolk's attack. The tentacle slaps you!
* * * LOW HITPOINT WARNING * * *
You block the tentacle's attack.
You slash the merfolk! You burn the merfolk!
The merfolk is almost dead.
You hit the tentacle. You burn the tentacle. You barely miss the merfolk.
You hit the tentacle. You burn the tentacle. You block the merfolk's attack.
The merfolk javelineer barely misses you.
The tentacle slaps you!
* * * LOW HITPOINT WARNING * * *
You block the tentacle's attack.
Horkud splashes around in the water.
The tentacle closely misses you.
Oreg barely misses the merfolk javelineer.
The merfolk throws a boomerang.
The boomerang hits Horkud!
Your orc sorcerer barely misses the merfolk javelineer.
The tentacle slaps Horkud but does no damage.
The merfolk throws a boomerang.
The boomerang hits you.
* * * LOW HITPOINT WARNING * * *
The tentacle barely misses you.
The merfolk javelineer throws a silver javelin.
The silver javelin misses your orc sorcerer.
The silver javelin closely misses Horkud.
The silver javelin pierces through you!
* * * LOW HITPOINT WARNING * * *
The silver sears you!
You die...

.≈≈≈≈≈≈≈≈≈≈≈≈≈≈≈≈≈≈≈≈≈≈≈≈≈≈≈
≈≈≈≈≈≈≈≈≈....≈≈≈≈≈≈≈≈≈≈≈≈≈≈≈
≈≈≈≈≈≈)≈≈....≈≈≈≈≈≈≈≈≈≈≈≈≈≈≈
≈≈≈≈≈≈(≈≈≈...≈≈≈.≈≈≈≈≈≈≈≈≈≈≈
≈≈≈≈≈≈≈≈≈.###)≈.≈≈≈≈≈≈≈≈≈≈≈≈
≈≈≈≈≈≈≈≈≈.##.)...≈≈≈≈≈≈≈≈≈≈≈
≈≈≈≈≈≈≈≈≈≈...##..≈≈≈≈≈≈≈≈≈≈≈
≈≈≈≈≈≈≈≈≈≈≈.w──.≈≈≈≈≈≈≈≈≈≈
≈≈≈≈≈≈≈≈≈≈≈@.).≈m≈≈≈≈≈≈≈≈
≈≈≈≈≈≈≈≈≈≈)owm*≈≈≈≈≈≈≈≈≈
≈≈≈≈≈≈≈≈≈owm≈≈≈≈≈≈≈≈≈≈
≈≈≈≈≈≈≈≈mo≈≈≈≈≈X≈≈≈≈
≈≈≈≈≈≈≈≈≈≈w≈≈≈≈≈≈≈
≈≈≈≈≈≈≈≈≈≈≈≈≈≈≈≈≈≈
≈≈≈≈≈≈≈≈≈≈≈≈≈≈≈≈≈
≈≈≈≈≈≈≈≈≈≈≈≈≈≈≈≈
≈≈≈≈≈≈≈≈≈≈≈≈≈≈≈


You could see a kraken, a merfolk impaler, a merfolk javelineer (agile, ally
target), 2 merfolk, 4 tentacles, the friendly Horkud the orc warlord (strong),
the friendly Oreg the orc knight (strong) and a friendly orc sorcerer (strong).

Vanquished Creatures
  A kraken (Shoals:2)
  A shadow dragon (shapeshifter) (Gauntlet)
  A frost giant (IceCv)
  A dire elephant (Lair:6)
  A minotaur (Gauntlet)
  3 merfolk impalers
  A great orb of eyes (Gauntlet)
  7 hydras
  2 centaur warriors
  A tengu warrior (D:13)
  A catoblepas (Lair:6)
  A satyr (Shoals:2)
  2 two-headed ogres
  17 death yaks
  Nergalle (Lair:3)
  A soul eater (Gauntlet)
  A fire crab (Lair:5)
  3 spectral death yaks (Lair:6)
  8 skeletal warriors
  A spectral anaconda (Lair:6)
  An obsidian statue (Lair:6)
  Pikel (D:5)
  3 necromancers (Lair:6)
  A deep elf pyromancer (D:12)
  The ghost of Thjof the Covered, a novice BaAr of Nemelex Xobeh (D:6)
  3 anaconda skeletons (Volcano)
  9 harpies
  9 ugly things
  6 manticores
  A wolf spider (shapeshifter) (Gauntlet)
  2 cyclopes (D:12)
  A dire elephant zombie (Lair:6)
  15 elephants
  4 black mambas
  6 merfolk sirens
  A naga mage (D:15)
  6 gargoyles
  3 water nymphs
  2 unseen horrors
  An ice statue (IceCv)
  A torpor snail (Lair:4)
  6 cane toads
  13 komodo dragons
  A minotaur zombie (Gauntlet)
  A centaur skeleton (D:15)
  2 rime drakes
  10 merfolk
  3 trolls
  2 tengu conjurers
  9 polar bears
  A tarantella (shapeshifter) (D:14)
  3 wind drakes
  Prince Ribbit (D:7)
  3 hornets
  3 blink frogs (Lair:6)
  Grinder (D:5)
  2 dream sheep (D:8)
  A slime creature (Lair:5)
  A spectral elephant (Lair:6)
  A raiju (shapeshifter) (Gauntlet)
  A snapping turtle (Shoals:3)
  A centaur simulacrum (D:15)
  Sigmund (D:2)
  A shadow (D:13)
  8 flying skulls
  7 water elementals
  A wyvern (Lair:3)
  4 vampires
  A wraith (D:13)
  Eustachio (D:5)
  39 yaks
  A steam dragon (D:8)
  3 vampire mosquitoes (D:13)
  Menkaure (D:4)
  Edmund (D:5)
  A spectral cane toad (Lair:6)
  3 acid dragons
  8 water moccasins
  An elephant zombie (Lair:6)
  2 orc warriors
  An ice beast (D:5)
  2 black bears (D:5)
  2 sky beasts
  5 ogres
  17 wolves
  2 elephant skeletons (Lair:6)
  2 centaurs
  A lemure (D:5)
  A kobold brigand (D:10)
  A phantom (D:5)
  8 bullfrogs
  A gnoll sergeant (D:9)
  2 scorpions
  3 cane toad simulacra (Lair:6)
  8 wights
  3 elephant simulacra (Lair:6)
  6 killer bees (D:9)
  An electric eel (Lair:3)
  6 howler monkeys
  3 troll skeletons
  3 spriggan skeletons (D:13)
  5 jellies
  5 hounds
  3 orc priests
  4 gnoll shamans
  2 iguanas (D:5)
  6 orc wizards
  Robin (D:2)
  14 gnolls
  4 adders
  5 shadow imps
  8 white imps (Orc:1)
  A worm (D:2)
  5 dart slugs
  21 orcs
  5 bats
  5 endoplasms
  2 giant cockroaches
  12 goblins
  10 hobgoblins
  4 jackals
  4 quokkas
  6 ball pythons
  5 frilled lizards
  8 kobolds
  6 rats
  A plant (Shoals:1)
512 creatures vanquished.

Vanquished Creatures (collateral kills)
  Jorgrun (Shoals:2)
  Polyphemus (Shoals:2)
  Frances (D:13)
  Donald (Shoals:3)
  Ilsuiw (Shoals:3)
  Louise (Shoals:1)
  A merfolk javelineer (Shoals:3)
  A hydra (D:15)
  A rakshasa (D:13)
  A boulder beetle (D:14)
  4 merfolk impalers
  3 merfolk aquamancers
  3 centaur warriors
  A merfolk avatar (Shoals:3)
  An alligator snapping turtle (Shoals:3)
  2 catoblepae
  3 satyrs
  6 death yaks
  5 skeletal warriors
  5 sea snakes
  2 wolf spider zombies (D:15)
  A necromancer (D:15)
  A deep elf pyromancer (D:15)
  4 harpies
  An oklob plant (Shoals:1)
  3 fauns (Shoals:2)
  4 ugly things
  5 manticores
  A centaur zombie (D:15)
  2 merfolk sirens (Shoals:3)
  A naga mage (D:15)
  A water nymph (Shoals:1)
  A rime drake (shapeshifter) (D:14)
  A tengu conjurer (D:15)
  3 wind drakes
  19 merfolk
  2 snapping turtles (Shoals:3)
  A basilisk (D:13)
  6 water elementals
  A swamp worm (shapeshifter) (D:14)
  An orc warrior (Orc:1)
  2 spriggan skeletons (D:13)
  2 howler monkeys (D:13)
  2 orc priests (Orc:1)
  An orc wizard (Orc:1)
  4 white imps (Orc:1)
  2 orcs (Orc:1)
  2 tentacles (Shoals:2)
119 creatures vanquished.

Vanquished Creatures (others)
  4 orc knights (Shoals:3)
  An orc sorcerer (Shoals:2)
  A wizard (D:15)
  2 orc warriors
  4 orc wizards
  5 orc priests
  6 orcs
  9 fungi
  47 plants
  7 tentacles
  21 withered plants
107 creatures vanquished.

Grand Total: 738 creatures vanquished

Notes
Turn   | Place    | Note
-------+----------+-------------------------------------------
     0 | D:1      | Dabor the Hill Orc Fighter began the quest for the Orb.
     0 | D:1      | Reached XP level 1. HP: 19/19 MP: 1/1
   196 | D:1      | Reached XP level 2. HP: 22/27 MP: 2/2
   711 | D:1      | Found a faded altar of an unknown god.
   928 | D:2      | Noticed Robin
   932 | D:2      | Reached skill level 4 in Fighting
   933 | D:2      | Reached XP level 3. HP: 31/33 MP: 3/3
   952 | D:2      | Killed Robin
  1256 | D:2      | Reached XP level 4. HP: 33/40 MP: 4/4
  1423 | D:2      | Noticed Sigmund
  1443 | D:2      | HP: 2/61 [something (5)]
  1445 | D:2      | Killed Sigmund
  1446 | D:2      | Reached skill level 5 in Fighting
  1446 | D:2      | Reached XP level 5. HP: 2/48 MP: 5/5
  1767 | D:2      | Reached XP level 6. HP: 56/56 MP: 6/6
  2922 | D:3      | Reached skill level 5 in Axes
  3049 | D:3      | You fall into a shaft and drop 3 floors!
  3088 | D:5      | Entered Level 5 of the Dungeon
  3104 | D:5      | Noticed a black bear
  3118 | D:5      | Killed a black bear
  3119 | D:5      | Reached skill level 5 in Armour
  3119 | D:5      | Reached skill level 5 in Shields
  3119 | D:5      | Reached XP level 7. HP: 33/61 MP: 7/7
  3302 | D:5      | Became a worshipper of Beogh the Brigand
  3366 | D:4      | Found a staircase to the Ecumenical Temple.
  3616 | D:5      | Reached skill level 6 in Fighting
  3631 | D:5      | Noticed Eustachio
  3668 | D:5      | Killed Eustachio
  3830 | D:5      | Noticed Grinder
  3832 | D:5      | Paralysed by Grinder for 2 turns
  3839 | D:5      | Killed Grinder
  3840 | D:5      | Reached XP level 8. HP: 58/71 MP: 8/8
  3925 | D:5      | Noticed Edmund
  3936 | D:5      | Killed Edmund
  4597 | D:4      | Reached skill level 7 in Fighting
  4714 | D:4      | Reached skill level 1 in Maces & Flails
  4747 | D:4      | Found a sparkling altar of Nemelex Xobeh.
  4855 | D:4      | Found a radiant altar of Vehumet.
  5196 | D:4      | Noticed Menkaure
  5200 | D:4      | Killed Menkaure
  5201 | D:4      | Reached skill level 1 in Dodging
  5461 | D:5      | Noticed Pikel
  5481 | D:5      | Killed Pikel
  5482 | D:5      | Reached XP level 9. HP: 57/80 MP: 9/9
  5891 | D:6      | Found a runed translucent door.
  6018 | D:6      | Reached * piety under Beogh
  6662 | D:6      | Noticed Thjof's ghost (novice BaAr)
  6873 | D:6      | Reached skill level 8 in Fighting
  7309 | D:6      | Killed Thjof's ghost
  7310 | D:6      | Reached skill level 5 in Maces & Flails
  7558 | D:7      | Reached XP level 10. HP: 89/89 MP: 10/10
  7629 | D:7      | Noticed Prince Ribbit
  7636 | D:7      | Killed Prince Ribbit
  7659 | D:7      | Found an opulent altar of Gozag.
  9275 | D:8      | Found the necklace of Bloodlust {*Rage Will++ Int-3 Slay+6}
  9399 | D:8      | Reached ** piety under Beogh
  9765 | D:8      | Reached skill level 9 in Fighting
 10485 | D:9      | Found an ancient bone altar of Kikubaaqudgha.
 10502 | D:9      | Noticed a two-headed ogre
 10507 | D:9      | Killed a two-headed ogre
 10508 | D:9      | Reached XP level 11. HP: 97/97 MP: 11/11
 10940 | D:9      | Noticed a centaur warrior
 10951 | D:9      | Killed a centaur warrior
 11180 | D:9      | Found a hide-covered altar of Uskayaw.
 11244 | D:9      | Found a staircase to the Lair.
 11537 | D:9      | Found a staircase to the Orcish Mines.
 11606 | D:9      | Found an iron altar of Okawaru.
 11695 | D:10     | Entered Level 10 of the Dungeon
 12032 | D:10     | Reached *** piety under Beogh
 12033 | D:10     | Reached skill level 10 in Fighting
 12540 | D:11     | Reached skill level 5 in Dodging
 12554 | D:11     | Noticed a seven-headed hydra
 12560 | D:11     | Killed a seven-headed hydra
 13403 | D:12     | Noticed a brown ugly thing
 13416 | D:12     | Killed a brown ugly thing
 13417 | D:12     | Reached skill level 10 in Maces & Flails
 13448 | D:12     | Noticed a manticore
 13454 | D:12     | Killed a manticore
 13549 | D:12     | Noticed a two-headed ogre
 13558 | D:12     | Killed a two-headed ogre
 13559 | D:12     | Reached skill level 1 in Invocations
 13622 | D:12     | Noticed a cyclops
 13644 | D:12     | Killed a cyclops
 13645 | D:12     | Reached XP level 12. HP: 102/107 MP: 11/13
 13889 | D:12     | Reached skill level 10 in Shields
 13997 | D:12     | Reached skill level 10 in Armour
 14017 | D:12     | Found a bloodstained altar of Trog.
 14181 | D:12     | Reached skill level 11 in Fighting
 14282 | Lair:1   | Entered Level 1 of the Lair of Beasts
 14549 | Lair:1   | Reached **** piety under Beogh
 15452 | Lair:2   | Noticed a six-headed hydra
 15459 | Lair:2   | Killed a six-headed hydra
 16236 | Lair:3   | You fall into a shaft and drop 2 floors!
 16248 | Lair:5   | Found a gate leading to a gauntlet.
 16256 | Gauntlet | Entered a Gauntlet
 16256 | Gauntlet | Found a transporter.
 16263 | Gauntlet | Found a transporter.
 16266 | Gauntlet | Found a transporter.
 16267 | Gauntlet | Found a transporter.
 16271 | Gauntlet | Noticed a soul eater
 16278 | Gauntlet | Found a transporter.
 16278 | Gauntlet | Found a transporter.
 16279 | Gauntlet | Found a transporter.
 16290 | Gauntlet | Found a transporter.
 16290 | Gauntlet | Found a transporter.
 16291 | Gauntlet | Found a transporter.
 16293 | Gauntlet | Noticed a great orb of eyes
 16302 | Gauntlet | Found a transporter.
 16303 | Gauntlet | Found a transporter.
 16304 | Gauntlet | Found a transporter.
 16310 | Gauntlet | Noticed a boulder beetle
 16310 | Gauntlet | Noticed an alligator
 16310 | Gauntlet | a boulder beetle changed into an alligator
 16311 | Gauntlet | Found a transporter.
 16314 | Gauntlet | Noticed a quicksilver ooze
 16314 | Gauntlet | an alligator changed into a quicksilver ooze
 16322 | Gauntlet | a quicksilver ooze changed into something unseen
 16329 | Gauntlet | Noticed a quicksilver ooze
 16337 | Gauntlet | Noticed a boulder beetle
 16337 | Gauntlet | a quicksilver ooze changed into a boulder beetle
 16339 | Gauntlet | Noticed a bunyip
 16339 | Gauntlet | a boulder beetle changed into a bunyip
 16340 | Gauntlet | a bunyip changed into a slime creature
 16426 | Gauntlet | Noticed an ice dragon
 16429 | Gauntlet | Noticed a fire dragon
 16429 | Gauntlet | a goliath frog changed into a fire dragon
 16594 | Gauntlet | Reached skill level 5 in Invocations
 16642 | Gauntlet | Killed a soul eater
 16643 | Gauntlet | Reached XP level 13. HP: 116/116 MP: 16/16
 16710 | Gauntlet | Identified the ring "Semebromou" {Fly rC+}
 16856 | Gauntlet | Killed a great orb of eyes
 16857 | Gauntlet | Reached skill level 1 in Evocations
 16869 | Gauntlet | Noticed an iron dragon
 16870 | Gauntlet | Noticed an ice dragon
 16870 | Gauntlet | a jorogumo changed into an ice dragon
 16876 | Gauntlet | Noticed a spark wasp
 16877 | Gauntlet | a spark wasp changed into an eight-headed hydra
 16878 | Gauntlet | Noticed a great orb of eyes
 16878 | Gauntlet | a jorogumo changed into a great orb of eyes
 16884 | Gauntlet | Noticed a fire dragon
 16884 | Gauntlet | a great orb of eyes changed into a fire dragon
 16891 | Gauntlet | Noticed a minotaur
 16891 | Gauntlet | a fire dragon changed into a minotaur
 16895 | Gauntlet | Noticed a shadow dragon
 16895 | Gauntlet | an iron dragon changed into a shadow dragon
 16900 | Gauntlet | Noticed a quicksilver ooze
 16900 | Gauntlet | a minotaur changed into a quicksilver ooze
 16906 | Gauntlet | Noticed a spark wasp
 16906 | Gauntlet | a quicksilver ooze changed into a spark wasp
 16908 | Gauntlet | a spark wasp changed into a wolf spider
 16909 | Gauntlet | Noticed a broodmother
 16909 | Gauntlet | a wolf spider changed into a broodmother
 16916 | Gauntlet | Gained mutation: You have sharp toenails. [potion of
                  | mutation]
 16916 | Gauntlet | Gained mutation: You are clumsy. (Dex -2) [potion of
                  | mutation]
 16916 | Gauntlet | Gained mutation: You possess an exceptional clarity of
                  | mind. [potion of mutation]
 16916 | Gauntlet | Gained mutation: You are partially covered in iridescent
                  | scales. (AC +2) [potion of mutation]
 16916 | Gauntlet | a broodmother changed into a boulder beetle
 16920 | Gauntlet | Noticed an ettin
 16925 | Gauntlet | Noticed a quicksilver ooze
 16925 | Gauntlet | an ettin changed into a quicksilver ooze
 16931 | Gauntlet | a quicksilver ooze changed into an alligator
 16936 | Gauntlet | Noticed an entropy weaver
 16936 | Gauntlet | a satyr changed into an entropy weaver
 16938 | Gauntlet | Noticed a fire dragon
 16938 | Gauntlet | an entropy weaver changed into a fire dragon
 16946 | Gauntlet | Noticed a broodmother
 16947 | Gauntlet | Noticed a spark wasp
 16947 | Gauntlet | a broodmother changed into a spark wasp
 16948 | Gauntlet | a spark wasp changed into a wolf spider
 16949 | Gauntlet | Killed a shadow dragon
 17000 | Gauntlet | Identified the +3 ring mail of Morality {rC+ rN+ Dex-3
                  | Stlth+}
 17000 | Gauntlet | Noticed a minotaur
 17006 | Gauntlet | HP: 5/117 [minotaur/the +8 autumn katana {vorpal, manifold
                  | assault} (10)]
 17018 | Gauntlet | HP: 5/117 [minotaur/the +8 autumn katana {vorpal, manifold
                  | assault} (15)]
 17020 | Gauntlet | Killed a minotaur
 17243 | Lair:5   | Found a staircase to the Slime Pits.
 17503 | Lair:4   | Found a staircase to the Snake Pit.
 17595 | Lair:4   | Found a dark tunnel.
 17609 | Volcano  | Entered a volcano
 17775 | Volcano  | Reached skill level 12 in Fighting
 18086 | Lair:4   | Found a staircase to the Shoals.
 18859 | Lair:3   | Noticed Nergalle
 18866 | Lair:3   | Reached XP level 14. HP: 98/124 MP: 19/19
 18870 | Lair:3   | Killed Nergalle
 19112 | Lair:3   | Identified the +2 war axe of Might {flame, rElec rPois
                  | SInv}
 19865 | Lair:6   | Entered Level 6 of the Lair of Beasts
 19874 | Lair:6   | Reached ***** piety under Beogh
 20560 | Lair:6   | Found the +3 robe of Clouds {*Thunder rCloud rElec}
 20649 | Lair:6   | Noticed a dire elephant
 20862 | Lair:6   | Identified the +3 chain mail of the Heavens {Contam rC+ rN+
                  | Stlth+}
 20981 | Lair:6   | Reached skill level 5 in Evocations
 21186 | Lair:6   | Reached skill level 13 in Fighting
 21231 | Lair:6   | Identified the amulet "Finalauw" {Regen+ Str+7 Dex+2
                  | Stlth+}
 21512 | Lair:6   | Killed a dire elephant
 22180 | Shoals:1 | Entered Level 1 of the Shoals
 22297 | Lair:4   | Reached skill level 1 in Throwing
 22297 | Lair:4   | Reached XP level 15. HP: 24/136 MP: 21/21
 22633 | Orc:1    | Entered Level 1 of the Orcish Mines
 22653 | Orc:1    | Gained Horkud as an ally
 22666 | Orc:1    | Found Rudeog's Antique Weapon Shoppe.
 22675 | Orc:1    | Found a frozen archway.
 22706 | IceCv    | Entered an ice cave
 22803 | IceCv    | Gained Borgoth as an ally
 22999 | IceCv    | Reached ****** piety under Beogh
 23058 | IceCv    | Gained Boderik as an ally
 23171 | IceCv    | Noticed a frost giant
 23185 | IceCv    | Killed a frost giant
 23639 | Shoals:1 | Identified the +1 quarterstaff of Conflict {venom, rN+
                  | Will+ Stlth+}
 23662 | Shoals:1 | Noticed Louise
 23675 | Shoals:1 | Killed Louise
 23678 | Shoals:1 | Found a broken altar of Ashenzari.
 23797 | Shoals:1 | Found Zocroija's Assorted Antiques.
 24348 | Shoals:1 | Reached skill level 10 in Invocations
 24789 | Shoals:2 | Noticed Polyphemus
 25192 | Shoals:2 | Noticed a kraken
 25202 | Shoals:2 | Killed a kraken
 25344 | Shoals:2 | Reached skill level 14 in Fighting
 25344 | Shoals:2 | Your ally Borgoth died
 25346 | Shoals:2 | Reached XP level 16. HP: 146/146 MP: 23/23
 25349 | Shoals:2 | Killed Polyphemus
 25501 | Shoals:2 | Noticed Jorgrun
 25513 | Shoals:2 | Killed Jorgrun
 26059 | Shoals:3 | Found Awumpi's Distillery.
 26083 | Shoals:3 | Noticed Donald
 26089 | Shoals:3 | Your ally Boderik died
 26093 | Shoals:3 | Gained Oreg as an ally
 26094 | Shoals:3 | Found Wuesau's Armour Shoppe.
 26117 | Shoals:3 | Your ally Horkud died
 26252 | Shoals:3 | Found Akhywielap's Magic Scroll Shoppe.
 26304 | Shoals:3 | Noticed Ilsuiw
 26318 | Shoals:3 | Your ally Horkud died
 26321 | Shoals:3 | Killed Ilsuiw
 26434 | Shoals:3 | Killed Donald
 26710 | D:13     | Noticed Frances
 26719 | D:13     | Killed Frances
 26941 | D:13     | Found Rose's Elemental Accessories.
 27389 | D:14     | Found a gate to the Vaults.
 27592 | D:14     | Found a shadowy altar of Dithmenos.
 27944 | D:14     | Reached skill level 10 in Axes
 28079 | D:15     | Entered Level 15 of the Dungeon
 28237 | D:15     | Found Osinaump's Book Emporium.
 28487 | D:15     | Found a staircase to the Depths.
 29023 | Shoals:3 | Noticed a kraken
 29032 | Shoals:3 | HP: 2/147 [merfolk javelineer/silver javelin (17)]
 29032 | Shoals:3 | Hit by a silver javelin thrown by a merfolk javelineer

Illustrated notes

Levels and vault maps discovered:
D:1:      dpeg_arrival_pond, layout_basic, basic_ecumenical_altar,
          nrook_mini_vaults
D:2:      layout_loops_ring, minmay_tall_x, uniq_robin, uniq_sigmund
D:3:      layout_basic
D:4:      layout_layer_cave, nicolae_vehumet_radiance,
          mainiacjoe_overflow_cross_hatched, minmay_temple_entry_from_below_a,
          uniq_menkaure
D:5:      layout_gridville, uniq_eustachio, uniq_edmund, uniq_pikel,
          uniq_grinder
D:6:      layout_layer_cave, gammafunk_ghost_grave, hangedman_decor_peaks_small,
          corexii_checkpoint_a
D:7:      layout_basic, grunt_gozag_breadcrumbs, uniq_prince_ribbit1
D:8:      layout_loops_corners, dreamdust_gnoll_shepherd
D:9:      layout_small_grid, nicolae_overflow_crystal_walls, kennysheep_mini,
          kiku_gazebo_pond_becter, lair_entry_dummy, orc_0_dummy,
          minmay_misc_feat_room
D:10:     layout_cross
D:11:     layout_roguey
D:12:     layout_cave_pools, trog_ov_bears_minmay
D:13:     layout_rooms, nicolae_elemental_shop, hangedman_tell_no_tales,
          uniq_frances
D:14:     layout_basic, david_vaults_2, grunt_dithmenos_smoke_and_mirrors
D:15:     grunt_enter_depths_magical_seal, layout_irregular_city, serial_shops,
          nicolae_diamond_shop
Lair:1:   layout_loops_ring, serial_rivers, chequers_serial_rivers_large_a,
          chequers_serial_rivers_micro_b, chequers_serial_rivers_room_b,
          chequers_serial_rivers_micro_a, chequers_serial_rivers_small_b,
          chequers_serial_rivers_micro_a
Lair:2:   layout_loops_ring
Lair:3:   layout_regular_city, serial_bayou_shore_a, serial_bayou_shore_b,
          lemuel_fruit_tree, infiniplex_staircase_pool, uniq_nergalle
Lair:4:   layout_loops_ring, elwin_shoals_entry_rocks, dummy_snake_entry,
          enter_volcano_1
Lair:5:   layout_small_grid, minmay_slime_entry_pillars, gauntlet_entry_generic,
          beast_lair_carwin_4
Lair:6:   due_jungle_book, layout_big_grid, ldierk_geyser, grunt_megastairs_5
Shoals:1: layout_shoals, nicolae_take_the_stairs, lemuel_oklob_altar,
          uniq_louise
Shoals:2: layout_shoals, uniq_polyphemus, uniq_jorgrun
Shoals:3: nicolae_shoals_mermall, layout_shoals, serial_shops,
          nicolae_lakefront_shop, nicolae_shop_behind_doors,
          nicolae_diamond_shop, nicolae_lakefront_shop, uniq_donald, uniq_ilsuiw
Orc:1:    layout_caves, basic_altar, serial_shops,
          nicolae_shop_advertising_works [nicolae_subvault_shop_adworks],
          portal_ice_cave_entry_imps

Skill      XL: |  1  2  3  4  5  6  7  8  9 10 11 12 13 14 15 16 |
---------------+-------------------------------------------------+-----
Axes           | 3 4 5 6 7 8 10 | 10.3
Fighting       | 4 5 6 7 8 9 10 11 12 13 14 | 14.7
Armour         | 4 5 6 7 8 9 10 11 12 13 | 13.5
Shields        | 4 5 6 7 8 9 10 11 12 13 | 13.5
Maces & Flails | 3 5 8 10 11 13 | 13.5
Dodging        | 1 3 4 5 6 7 8 9 |  9.4
Invocations    | 1 5 7 9 10 11 | 11.6
Evocations     | 3 5 6 8 |  8.1
Throwing       | 1 3 4 |  4.0

Action                   |  1- 3 |  4- 6 |  7- 9 | 10-12 | 13-15 | 16-18 || total
-------------------------+-------+-------+-------+-------+-------+-------++-------
Melee: War axe           |   100 |   112 |    57 |       |   346 |   335 ||   950
       Dire flail        |       |       |   132 |   388 |   487 |       ||  1007
       Punch             |       |       |       |       |     1 |       ||     1
Throw: Javelin           |       |       |     5 |     6 |     6 |       ||    17
       Dart              |       |       |       |    13 |     5 |       ||    18
       Boomerang         |       |       |       |     1 |       |       ||     1
       Throwing net      |       |       |       |       |       |     1 ||     1
Invok: Convert to Beogh  |       |       |     1 |       |       |       ||     1
       Smiting           |       |       |       |       |     2 |     2 ||     4
       Recall Orcish Fol |       |       |       |       |     6 |     8 ||    14
       Give Item to Name |       |       |       |       |     3 |     1 ||     4
       Resurrection      |       |       |       |       |       |     2 ||     2
Evoke: Wand              |       |       |       |       |     9 |     4 ||    13
       Phial of floods   |       |       |       |       |     4 |     2 ||     6
       Box of beasts     |       |       |       |       |     4 |     2 ||     6
       Piece from Xom's  |       |       |       |       |     6 |     1 ||     7
       Phantom mirror    |       |       |       |       |     4 |     2 ||     6
  Use: Potion            |       |     8 |       |     2 |    22 |     4 ||    36
       Scroll            |       |     2 |     6 |    11 |    21 |     3 ||    43
 Stab: Paralysed         |       |       |       |       |     2 |       ||     2
       Distracted        |       |       |       |       |     3 |     1 ||     4
       Confused          |       |       |       |       |     1 |       ||     1
Armor: Scale mail        |    41 |    59 |    87 |    95 |       |       ||   282
       Skin              |       |     1 |       |       |       |       ||     1
       Acid dragon scale |       |       |       |    24 |       |       ||    24
       Troll leather arm |       |       |       |    43 |    96 |       ||   139
       Chain mail        |       |       |       |       |   265 |   189 ||   454
Dodge: Dodged            |    58 |    47 |    79 |   238 |   472 |   123 ||  1017
Block: Buckler           |    26 |    27 |    16 |       |       |       ||    69
       Tower shield      |       |       |       |       |   183 |   369 ||   552

Table legend: (Time is in decaauts)
 A = Elapsed time spent in this place.
 B = Non-inter-level travel time spent in this place.
 C = Inter-level travel time spent in this place.
 D = Time resting spent in this place.
 E = Time spent auto-exploring this place.
 F = Levels seen in this place.
 G = Mean time per level.
                   A        B        C        D        E       F      G
               +--------+--------+--------+--------+--------+-----+--------+
         Total |  29275 |  27666 |   1609 |   4995 |  16011 |  28 | 1045.5 |
       Dungeon |  16911 |  16139 |    772 |   2637 |  10599 |  15 | 1127.4 |
          Lair |   7131 |   6484 |    647 |   1076 |   4076 |   6 | 1188.5 |
        Shoals |   3086 |   2932 |    154 |    816 |    864 |   3 | 1028.7 |
  Orcish Mines |    125 |     90 |     35 |      0 |      0 |   1 |  125.0 |
      Ice Cave |    693 |    693 |      0 |      9 |    353 |   1 |  693.0 |
       Volcano |    364 |    364 |      0 |     89 |     28 |   1 |  364.0 |
      Gauntlet |    962 |    962 |      0 |    367 |     90 |   1 |  962.0 |
               +--------+--------+--------+--------+--------+-----+--------+

Top non-repeatable levels by time:
  Lair:6: 1710 daAuts
     D:9: 1627 daAuts
     D:5: 1546 daAuts
     D:8: 1546 daAuts
     D:6: 1507 daAuts
     D:2: 1488 daAuts
  Lair:4: 1477 daAuts
Shoals:2: 1427 daAuts
     D:7: 1418 daAuts
  Lair:1: 1233 daAuts
    D:11: 1080 daAuts
     D:3: 1077 daAuts
Shoals:1: 1025 daAuts
    D:12: 984 daAuts
Gauntlet: 962 daAuts
